 Dungeon Crawl Stone Soup version 0.18-a0-1414-gcd7f35e (webtiles) character file.

117 OkrshikAutist the Skirmisher (level 4, 0/42 HPs)
             Began as a Draconian Hunter on Feb 26, 2016.
             Slain by Purgy (3 damage)
             ... on level 3 of the Dungeon.
             The game lasted 00:04:19 (2114 turns).

OkrshikAutist the Skirmisher (Draconian Hunter)     Turns: 2114, Time: 00:04:19

Health: 0/42       AC:  5    Str: 15    XL:     4   Next: 71%
Magic:  4/4        EV: 14    Int: 11    God:
Gold:   105        SH:  3    Dex: 12    Spells: 0 memorised, 3 levels left

rFire  . . .     SeeInvis .     p - +7 club
rCold  . . .     Gourm    .     (armour unavailable)
rNeg   . . .     Faith    .     k - +0 buckler
rPois  .         Spirit   .     (helmet restricted)
rElec  .         Dismiss  .     (no cloak)
rCorr  .         Reflect  .     (no gloves)
SustAt .         Harm     .     (no boots)
MR     .....                    (no amulet)
Stlth  +.........               (no ring)
                                h - +3 ring of evasion

@: not resistant to hostile enchantments, very unstealthy
A: unfitting armour, cold-blooded, AC +5
a: no special abilities


You were on level 3 of the Dungeon.
You were hungry.

You visited 1 branch of the dungeon, and saw 3 of its levels.
You also visited: Sewer.

You collected 105 gold pieces.

Inventory:

Hand Weapons
 a - a +1 hand crossbow
 e - a +1 dagger of protection
 p - a +7 club (weapon)
Missiles
 c - 20 bolts
Armour
 k - a +0 buckler (worn)
Jewellery
 h - a +3 ring of evasion (left hand)
 n - an uncursed ring of protection from magic {unknown}
Wands
 f - a wand of paralysis (14/24)
Scrolls
 i - a scroll of fear {unknown}
 m - 2 scrolls of remove curse {unknown}
 o - a scroll of amnesia {unknown}
Potions
 b - 4 potions of brilliance
 j - 2 potions of invisibility {unknown}
 l - a potion of curing {unknown}
 q - a potion of flight
 r - a potion of heal wounds {unknown}
Comestibles
 d - 5 bread rations
 g - 5 chunks of flesh


   Skills:
 + Level 5.5 Fighting
 - Level 3.6 Crossbows
 - Level 1.7 Dodging
 - Level 0.8 Stealth


You had 3 spell levels left.
You didn't know any spells.

Dungeon Overview and Level Annotations

Branches:
Dungeon (3/15)

Altars:
Elyvilon
Sif Muna
Zin

Annotations:
D:3 Purgy


Innate Abilities, Weirdness & Mutations

Your plain brown scales are hard (AC +5).
Your body does not fit into most forms of armour.
You are cold-blooded and may be slowed by cold attacks.


Message History

You thump Purgy!
Purgy is moderately wounded.
Purgy bites you. Purgy barely misses you. Purgy misses you.
Purgy barely misses you. Purgy claws you. x2
Drink which item? (? for menu, Esc to quit)
Okay, then.
You enter the shallow water.
Moving in this stuff is going to be slow.
There is a gate leading back out of this place here.
Purgy bites you. Purgy claws you but does no damage. Purgy barely misses you.
Welcome back to the Dungeon! x2
There is a collapsed entrance here.
You enter the shallow water.
Moving in this stuff is going to be slow.
Purgy bites you but does no damage. Purgy claws you but does no damage.
Purgy closely misses you. Purgy barely misses you.
Purgy claws you but does no damage. Purgy completely misses you.
You are feeling hungry.
Purgy bites you.
You die...

..........#.........#......#
.##.......#.........#......#
.##.#######...........######
....# ####..>.....÷### .####
.............# .#
.............# .#
....#######..# .#
#..#≈≈≈≈≈#..# .#
#..#≈≈.T@'..# .#
#..#≈≈≈≈≈#.## .#
#..#######.# ## #..........#
#..........# ############


You could see Purgy.

Vanquished Creatures
  Jessica (D:2)
  5 adders
  An ooze (D:1)
  A worm (D:2)
  A dart slug (D:1)
  A giant gecko (D:1)
  3 giant cockroaches
  5 goblins
  3 hobgoblins
  2 jackals (Sewer)
  3 bats
  3 giant newts
  7 kobolds
  5 rats
41 creatures vanquished.

Notes
Turn   | Place    | Note
--------------------------------------------------------------
     0 | D:1      | OkrshikAutist the Draconian Hunter began the quest for the Orb.
     0 | D:1      | Reached XP level 1. HP: 17/17 MP: 1/1
   376 | D:1      | Reached skill level 3 in Fighting
   376 | D:1      | Reached XP level 2. HP: 24/26 MP: 2/2
  1239 | D:2      | Reached skill level 4 in Fighting
  1239 | D:2      | Reached XP level 3. HP: 28/33 MP: 3/3
  1349 | D:2      | Found a deep blue altar of Sif Muna.
  1368 | D:2      | Noticed Jessica
  1379 | D:2      | Killed Jessica
  1379 | D:2      | Reached XP level 4. HP: 39/41 MP: 4/4
  1676 | D:2      | Found a white marble altar of Elyvilon.
  1686 | D:2      | Found a glowing silver altar of Zin.
  1806 | D:3      | Reached skill level 5 in Fighting
  1880 | D:3      | Found a glowing drain.
  2029 | Sewer    | Entered a sewer
  2074 | Sewer    | Noticed Purgy
  2114 | D:3      | Slain by Purgy

Vault maps used:
D:1:      dpeg_arrival_court
D:2:      lemuel_round_altar, amethyst_overflow_temple_binary, first_bread,
          uniq_jessica
D:3:      lemuel_crystal_altar, gup_sewer_entry_glass, okawaru_metal_pillars_1_2
Sewer:    sewer_the_crocodile

Skill      XL: |  1  2  3  4 |
---------------+-------------+-----
Fighting       | 3 4 5 |  5.5
Crossbows      | |  3.6
Dodging        | |  1.7
Stealth        | |  0.8

Action                   |  1- 3 |  4- 6 || total
-------------------------+-------+-------++-------
Melee: Dagger            |   118 |       ||   118
       Short sword       |     8 |       ||     8
       Club              |       |    40 ||    40
  Use: Scroll            |       |     3 ||     3
 Stab: Sleeping          |     5 |       ||     5
       Distracted        |     1 |       ||     1
  Eat: Chunk             |     2 |       ||     2
       Beef jerky        |       |     1 ||     1
